 Dungeon Crawl Stone Soup version 0.31.0-9-g3a7656b989 (webtiles) character file.

Game seed: 6803029535650627467

71 qw the Shooter (level 4, 0/22 HPs)
             Began as a Spriggan Hunter on Feb 2, 2024.
             Slain by a goblin
             ... wielding a +0 club
             ... led by Robin
              (2 damage)
             ... on level 2 of the Dungeon.
             The game lasted 00:00:04 (1304 turns).

qw the Shooter (Spriggan Hunter)                    Turns: 1304, Time: 00:00:05

Health: 0/22       AC:  2    Str: 13    XL:     4   Next: 5%
Magic:  5/5        EV: 19    Int: 10    God:
Gold:   59         SH:  0    Dex: 20    Spells: 3/3 levels left

rFire   . . .        a - +0 shortbow
rCold   . . .        (shield currently unavailable)
rNeg    + . .        c - +0 robe
rPois   .            (helmet restricted)
rElec   .            (no cloak)
rCorr   .            (gloves unavailable)
SInv    +            (boots unavailable)
Will    .....        (no amulet)
Stlth   ++           d - ring of positive energy
HPRegen 0.23/turn    i - +6 ring of strength
MPRegen 0.09/turn

%: no passive effects
@: very quick
A: very small, no large weapons, unfitting armour, see invisible, speed 3
a: no special abilities


You were on level 2 of the Dungeon.
You visited 1 branch of the dungeon, and saw 2 of its levels.

You collected 59 gold pieces.


Innate Abilities, Weirdness & Mutations

You are very small and have problems with some larger weapons.
You are too small for most types of armour.
You have supernaturally acute eyesight. (SInv)
You cover ground extremely quickly. (Speed+++)


   Skills:
 - Level 1.5 Fighting
 - Level 5.0 Ranged Weapons
 + Level 4.3 Dodging
 - Level 1.5 Stealth


You had 3 spell levels left.
You didn't know any spells.
Your spell library was empty.

Inventory:

Hand Weapons
 a - a +0 shortbow (weapon)
Armour
 c - a +0 robe (worn)
Jewellery
 d - a ring of positive energy (left hand)
 i - a +6 ring of strength (right hand)
 k - a +4 ring of protection
Scrolls
 j - a scroll of brand weapon {unknown}
Potions
 b - 3 potions of curing {unknown}
 e - a potion of mutation {unknown}
 f - a potion of degeneration {unknown}
 g - a potion of brilliance {unknown}
 h - a potion of resistance {unknown}

Dungeon Overview and Level Annotations

Branches:
Dungeon (2/15)

Altars:


Message History

Robin is heavily wounded.
Robin hits you with a +0 dagger.
Robin roars a battlecry!
The goblins go into a battle-frenzy!
You shoot an arrow. The arrow hits Robin!
Robin is almost dead.
Robin hits you with a +0 dagger.
A goblin comes into view. It is wielding a +0 club.
You shoot an arrow. The arrow hits Robin.
You kill Robin!
You have reached level 4!
You shoot an arrow. The arrow closely misses the goblin.
You shoot an arrow. The arrow closely misses the goblin.
The goblin closely misses you. The goblin completely misses you.
You shoot an arrow. The arrow hits the goblin.
You kill the goblin!
The goblin misses you.
You shoot an arrow. The arrow closely misses the goblin.
The goblin completely misses you. The goblin misses you.
You shoot an arrow.
The arrow hits the goblin but does no damage.
The goblin hits you with a +0 club. The goblin barely misses you.
The goblin closely misses you. The goblin hits you with a +0 club.
You shoot an arrow. The arrow closely misses the goblin.
The goblin hits you with a +0 club. The goblin completely misses you.
You shoot an arrow.
The arrow hits the goblin but does no damage.
The goblin misses you. The goblin closely misses you.
You shoot an arrow. The arrow completely misses the goblin.
The goblin closely misses you. The goblin barely misses you.
You shoot an arrow. The arrow completely misses the goblin.
The goblin hits you with a +0 club. The goblin misses you.
You shoot an arrow. The arrow barely misses the goblin.
The goblin misses you. The goblin barely misses you.
You shoot an arrow. The arrow misses the goblin.
The goblin hits you but does no damage. x2
You shoot an arrow.
The arrow hits the goblin but does no damage.
The goblin closely misses you. The goblin hits you with a +0 club.
You die...

##.## ##...##
#####.#.## ##..%..##
#........## #.......#
#.......#.###.........
#.......##..+.........
#.......#.###.........
#........## ##.......#
#.......## ##.....##
#...g@..# ......##
####g#### ##.#+# #. #.
#. #) #. .# #


You could see 2 goblins.

Vanquished Creatures
  Robin (D:2)
  An adder (D:2)
  2 ribbon worms (D:2)
  5 ball pythons
  4 endoplasms
  2 giant cockroaches
  4 hobgoblins
  4 kobolds
  A quokka (D:1)
  8 bats
  3 frilled lizards
  7 goblins
  3 rats (D:1)
45 creatures vanquished.

Notes
Turn   | Place    | Note
-------+----------+-------------------------------------------
     0 | D:1      | qw the Spriggan Hunter began the quest for the Orb.
     0 | D:1      | Reached XP level 1. HP: 10/10 MP: 2/2
     0 | D:1      | 0 ||| qw: Version: 0.3-a-155-g5e7d8dd
     0 | D:1      | 0 ||| qw: Game counter: 1854
     0 | D:1      | 0 ||| qw: Melee chars always use a shield: true
     0 | D:1      | 0 ||| qw: God list: Okawaru
     0 | D:1      | 0 ||| qw: Allow faded altars: false
     0 | D:1      | 0 ||| qw: Do Orc after clearing Dungeon:15 true
     0 | D:1      | 0 ||| qw: Do second Lair branch before Depths: true
     0 | D:1      | 0 ||| qw: Lair rune preference: random
     0 | D:1      | 0 ||| qw: Goals: Normal
     0 | D:1      | 0 ||| PLANNING D:1-11
    22 | D:1      | Reached skill level 3 in Dodging
    51 | D:1      | Reached XP level 2. HP: 14/14 MP: 3/3
   452 | D:1      | Found a faded altar of an unknown god.
   583 | D:1      | Reached XP level 3. HP: 16/18 MP: 4/4
   730 | D:1      | 730 ||| UPGRADING to ring of positive energy.
   731 | D:1      | 731 ||| UPGRADING to +6 ring of strength.
   732 | D:1      | 732 ||| DROPPING scroll of butterflies.
  1281 | D:2      | Reached skill level 5 in Ranged Weapons
  1284 | D:2      | Noticed Robin
  1292 | D:2      | Killed Robin
  1293 | D:2      | Reached XP level 4. HP: 19/22 MP: 5/5
  1298 | D:2      | HP: 5/22 [goblin/+0 club[Robin] (5)]
  1301 | D:2      | HP: 1/22 [goblin/+0 club[Robin] (5)]
  1304 | D:2      | Slain by a goblin

Levels and vault maps discovered:
D:1:      ncdulo_halloftheorcs, layout_basic, shapermc_ecumenical_altar_ellora
D:2:      layout_loops_corners, nrook_mini_backslash, uniq_robin

Skill      XL: |  1  2  3 |
---------------+----------+-----
Dodging        | 3 4 |  4.3
Ranged Weapons | 5 |  5.0
Fighting       | |  1.5
Stealth        | |  1.5

Action                     |  1- 3 |  4- 6 || total
---------------------------+-------+-------++-------
   Fire: Shortbow          |   101 |    12 ||   113
 Armour: Robe              |     6 |     7 ||    13
  Dodge: Dodged            |    25 |    16 ||    41

Table legend:
 A = Non-vault XP
 B = Vault XP
 C = Vault XP percentage of total XP
 D = Non-vault monster count
 E = Vault monster count
 F = Vault count percentage of total count
                 A         B        C        D         E       F
            +---------+---------+-------+---------+---------+-------
      Total |      79 |      23 |  22.5 |      40 |       5 |  11.1
            +---------+---------+-------+---------+---------+-------
        D:1 |      42 |       0 |   0.0 |      27 |       0 |   0.0
        D:2 |      37 |      23 |  38.3 |      13 |       5 |  27.8
            +---------+---------+-------+---------+---------+-------
